 Dungeon Crawl Stone Soup version 0.28.0-43-g3370ac3207 (console) character file.

Game seed: 9302283185628349751

630 Zeor the Skirmisher (level 7, -8/44 HPs)
             Began as a Gargoyle Monk on Mar 21, 2022.
             Was a Believer of Zin.
             Mangled by Edmund
             ... wielding a +4 dire flail of venom
              (12 damage)
             ... on level 5 of the Dungeon on Mar 22, 2022.
             The game lasted 00:13:12 (4679 turns).

Zeor the Skirmisher (Gargoyle Monk)                 Turns: 4679, Time: 00:13:13

Health: -8/44      AC: 12    Str: 23    XL:     7   Next: 48%
Magic:  8/8        EV: 11    Int: 12    God:    Zin [**....]
Gold:   98         SH:  5    Dex: 13    Spells: 6/6 levels left

rFire   x . .      SeeInvis .   a - +0 falchion
rCold   . . .      Faith    .   (no shield)
rNeg    + . .      Spirit   .   e - +0 scale mail
rPois   ∞          Reflect  +   b - +0 helmet of Responsibility {rF- Str+6}
rElec   +          Harm     .   (no cloak)
rCorr   .          Rampage  .   (no gloves)
Will    .....                   (no boots)
Stlth   +.........              i - amulet of reflection
HPRegen 0.14/turn               (no ring)
MPRegen 0.11/turn               (no ring)

@: vitalised, on recite cooldown, studying Long Blades
A: sickness immunity, AC +4, negative energy resistance 1, electricity
resistance, torment resistance 1, petrification resistance
a: Renounce Religion, Recite, Vitalisation, Donate Gold


You were on level 5 of the Dungeon.
You worshipped Zin.
Zin was pleased with you.
You visited 2 branches of the dungeon, and saw 6 of its levels.

You collected 108 gold pieces.
You donated 10 gold pieces to Zin.

Inventory:

Hand Weapons
 a - a +0 falchion (weapon)
 f - a +0 dagger of holy wrath
 h - a +0 dagger of freezing
Missiles
 c - 40 bolts
Armour
 b - the +0 helmet of Responsibility (worn) {rF- Str+6}
   (You found it on level 3 of the Dungeon)

   Str:       It affects your strength (+6).
   rF:        It makes you vulnerable to fire.
 e - a +0 scale mail (worn)
Jewellery
 i - an amulet of reflection (around neck)
Scrolls
 d - a scroll of identify
 g - a scroll of teleportation
 j - a scroll of immolation


   Skills:
 * Level 4.8 Fighting
 + Level 2.7(3.5) Short Blades
 * Level 3.1(3.7) Long Blades
 + Level 4.1 Polearms
 + Level 3.0 Armour
 + Level 3.2 Dodging
 - Level 2.2 Stealth
 + Level 1.0 Shields
 * Level 1.6 Invocations


You had 6 spell levels left.
You didn't know any spells.
Your spell library contained the following spells:

 Spells                   Type           Power      Damage    Failure   Level
 Apportation              Tloc           0%         N/A       63%         1
 Corpse Rot               Necr/Air       0%         N/A       77%         2
 Ensorcelled Hibernation  Hex/Ice        0%         N/A       77%         2
 Passwall                 Tmut/Erth      0%         N/A       77%         2
 Poisonous Vapours        Pois/Air       0%         N/A       77%         2
 Swiftness                Air            0%         N/A       94%         3
 Alistair's Intoxication  Tmut/Pois      0%         N/A       100%        5


Dungeon Overview and Level Annotations

Branches:
Dungeon (5/15)             Temple (1/1) D:5

Altars:
Ashenzari
Cheibriados
Dithmenos
Elyvilon
Fedhas
Gozag
Hepliaklqana
Kikubaaqudgha
Makhleb
Nemelex Xobeh
Qazlal
Ru
Sif Muna
Trog
Uskayaw
Vehumet
Wu Jian
Xom
Yredelemnul
Zin
The Shining One

Shops:
D:4 *

Annotations:
D:5 Edmund


Innate Abilities, Weirdness & Mutations

You are immune to sickness and miasma.
Your stone body is resilient. (AC +4)
You are immune to poison.
You resist negative energy. (rN+)
You are resistant to electric shocks. (rElec)
You are resistant to unholy torment.
You are immune to petrification.


Message History

Edmund hits you with a +4 dire flail of venom.
* * * LOW HITPOINT WARNING * * *
Your divine stamina protects you from poison!
Edmund hits you but does no damage.
Your divine stamina protects you from poison!
You slash Edmund!
Edmund is heavily wounded.
Edmund hits you with a +4 dire flail of venom.
* * * LOW HITPOINT WARNING * * *
You aren't carrying any potions.
You hit Edmund.
Edmund is heavily wounded.
Edmund hits you with a +4 dire flail of venom!
* * * LOW HITPOINT WARNING * * *
Unknown command.
You open the door. Edmund hits you but does no damage.
Your divine stamina protects you from poison!
There is an open door here.
You open the door. You block Edmund's attack.
There is an open door here.
Activating: Recite (2% risk of failure)
Press: ? - help, Dir - look around, f - activate You clear your throat and prepare to recite. "It was then that Zin bade them..."
Edmund hits you but does no damage.
Your divine stamina protects you from poison!
You slash Edmund!
Edmund is severely wounded. "...not to stray from faithfulness, lest..."
Edmund hits you with a +4 dire flail of venom.
* * * LOW HITPOINT WARNING * * *
Your divine stamina protects you from poison!
You barely miss Edmund.
Edmund is severely wounded. "...they become as damned as the guilty."
Edmund is dazed by your recitation.
Edmund shouts!
You finish reciting Apostates 18:12.
Edmund hits you with a +4 dire flail of venom!
You die... >▒▒▒ ▒∙∙ ∙∙∙∙

▒∙▒ ▒∙∙∙∙ ▒∙▒
▒∙∙∙∙ ▒ ▒∙▒ ▒∙∙▒▒
▒∙▒ ▒▒▒∙g∙∙ ▒∙▒
▒∙∙∙∙∙∙∙
▒∙▒▒▒▒▒▒▒▒▒▒▒▒▒▒▒▒
▒9▒∙∙∙∙∙∙∙∙∙∙∙∙∙∙▒
▒@▒∙≈≈≈≈≈≈≈≈≈≈≈≈∙▒
▒W▒∙≈≈≈≈≈≈≈≈≈≈≈≈∙▒
▒∙g∙≈≈≈≈≈≈≈≈≈≈≈≈∙'
▒▒▒∙≈≈≈≈≈≈≈≈≈≈≈≈∙▒
▒∙∙∙∙∙∙∙∙∙∙∙∙∙∙▒
▒▒▒▒▒▒▒▒▒▒▒▒▒▒▒▒


You could see Edmund (dazed), a phantom and a gnoll.

Vanquished Creatures
  A water moccasin (D:5)
  An ice beast (D:5)
  A necrophage (D:4)
  A scorpion (D:5)
  2 hounds (D:4)
  An iguana (D:4)
  3 hound skeletons (D:4)
  4 adders
  4 gnolls
  3 white imps
  An adder skeleton (D:4)
  4 worms (D:3)
  2 orcs
  5 endoplasms
  2 giant cockroaches
  6 goblins
  8 hobgoblins
  4 kobolds
  4 quokkas
  9 ball pythons
  2 bats
  A frilled lizard (D:1)
  3 rats
72 creatures vanquished.

Notes
Turn   | Place    | Note
-------+----------+-------------------------------------------
     0 | D:1      | Zeor the Gargoyle Monk began the quest for the Orb.
     0 | D:1      | Reached XP level 1. HP: 14/14 MP: 1/1
   318 | D:1      | Reached XP level 2. HP: 19/19 MP: 2/2
   373 | D:1      | Identified a scroll of acquirement
   373 | D:1      | Acquired a manual of Long Blades
   836 | D:1      | Reached XP level 3. HP: 23/23 MP: 3/3
  1255 | D:2      | HP: 1/23 [gnoll/+0 spear (5)]
  1271 | D:3      | HP: 1/23 [quokka (1)]
  1300 | D:4      | HP: 1/23 [adder (2)]
  1305 | D:4      | Reached skill level 1 in Armour
  1305 | D:4      | Reached XP level 4. HP: 1/29 MP: 4/4
  1685 | D:4      | Reached XP level 5. HP: 25/33 MP: 5/5
  1828 | D:3      | Identified the +0 helmet of Responsibility {rF- Str+6}
  2704 | D:4      | Noticed a necrophage
  2722 | D:4      | Found Giabb's Mass Market.
  2744 | D:4      | Killed a necrophage
  2745 | D:4      | Reached skill level 1 in Short Blades
  2745 | D:4      | Reached skill level 1 in Long Blades
  2745 | D:4      | Reached XP level 6. HP: 33/38 MP: 6/6
  3987 | D:5      | Entered Level 5 of the Dungeon
  4059 | D:5      | Found a staircase to the Ecumenical Temple.
  4068 | Temple   | Entered the Ecumenical Temple
  4110 | Temple   | Became a worshipper of Zin the Law-Giver
  4110 | Temple   | Reached * piety under Zin
  4110 | Temple   | Reached ** piety under Zin
  4183 | D:5      | Noticed a water moccasin
  4214 | D:5      | Killed a water moccasin
  4215 | D:5      | Reached XP level 7. HP: 27/44 MP: 7/7
  4229 | D:5      | Reached skill level 1 in Invocations
  4499 | D:5      | Reached skill level 1 in Shields
  4638 | D:5      | Noticed Edmund
  4679 | D:5      | Mangled by Edmund

Illustrated notes

Levels and vault maps discovered:
D:1:      lightli_arrival_maybe_door_vault, layout_basic, serial_glass,
          glass_columns_c, glass_columns_c
D:2:      layout_basic, hellmonk_ecumenical_altar_crossroads, basic_altar
D:3:      layout_loops_cross
D:4:      layout_gridville, minmay_shop_mass, minmay_statues_item
D:5:      layout_cave_pools, minmay_temple_entry_large_hall, serial_shops,
          nicolae_diamond_shop, nrook_pool_corridor, kennysheep_generic_room_13,
          uniq_edmund
Temple:   grunt_wide_crystal_templ

Skill      XL: |  1  2  3  4  5  6  7 |
---------------+----------------------+-----
Polearms       | 3 4 |  4.1
Armour         | 1 2 3 |  3.0
Dodging        | 3 |  3.2
Fighting       | 4 |  4.8
Short Blades   | 1 2 |  2.7
Long Blades    | 1 2 3 |  3.1
Invocations    | 1 |  1.6
Shields        | 1 |  1.0
Stealth        | |  2.2

Action                   |  1- 3 |  4- 6 |  7- 9 || total
-------------------------+-------+-------+-------++-------
Melee: Spear             |   133 |    51 |       ||   184
       Punch             |     2 |     4 |     2 ||     8
       Rapier            |       |   142 |       ||   142
       Falchion          |       |    27 |    32 ||    59
Invok: Vitalisation      |       |     1 |     1 ||     2
       Recite            |       |       |     4 ||     4
  Use: Scroll            |     3 |     4 |       ||     7
       Potion            |     2 |     4 |       ||     6
 Stab: Sleeping          |     5 |       |       ||     5
Armor: Ring mail         |     4 |       |       ||     4
       Robe              |     1 |       |       ||     1
       Scale mail        |    43 |    72 |     9 ||   124
Dodge: Dodged            |    60 |   126 |    12 ||   198
Block: Other             |       |    36 |     6 ||    42
       Reflection        |       |     1 |     1 ||     2
